Oilers vs Avalanche

Created - February 1 2008 at 19:30

Goals
1 2 3 T
Oilers 0 2 3 5
Avalanche 1 0 0 1
Shots
1 2 3 T
Oilers 9 8 9 26
Avalanche 10 5 7 22

Period #1

1. Avalanche , Mike Modano 25 (Keith Ballard, Randy Jones) at 13:03 (PP)

Penalties :
Craig Conroy (COL) for Tripping (Minor) at 1:27, Karlis Skrastins (COL) for Holding (Minor) at 7:01, Chad Kilger (EDM) for Tripping (Minor) at 9:09, Francis Bouillon (EDM) for Holding (Minor) at 11:51, Brandon Bochenski (COL) for Holding (Minor) at 16:02

Period #2

2. Oilers , Chad Kilger 9 (Pierre-Marc Bouchard, Saku Koivu) at 8:16
3. Oilers , Saku Koivu 19 (Alexei Zhitnik, Daniel Tjarnqvist) at 19:12 (PP)

Penalties :
Kevin Klein (COL) for Tripping (Minor) at 5:04, Gary Roberts (COL) for High sticking (Minor) at 6:12, Alexei Zhitnik (EDM) for Tripping (Minor) at 9:07, Karlis Skrastins (COL) for Holding (Minor) at 17:33

Period #3

4. Oilers , Alexei Zhitnik 7 (Saku Koivu, Jussi Markkanen) at 1:11 (PP)
5. Oilers , Ryan Smyth 27 (Nicklas Lidstrom) at 4:41
6. Oilers , Nicklas Lidstrom 9 (Petr Sykora, Shawn Horcoff) at 9:04 (PP)

Penalties :
Sergei Zubov (COL) for Hooking (Minor) at 0:03, Keith Ballard (COL) for Hooking (Minor) at 5:32, Shawn Horcoff (EDM) for Hooking (Minor) at 5:32, Mike Smith (COL) for Slashing (Minor) at 7:48 - Gary Roberts served the penalty., Francis Bouillon (EDM) for Hooking (Minor) at 10:16, Alexei Kovalev (EDM) for Hooking (Minor) at 10:31

Goalie Stats

Jussi Markkanen (EDM), 21 saves from 22 shots - (0.955), W, 3-3-0, 60:00 minutes
Mike Smith (COL), 19 saves from 24 shots - (0.792), L, 15-19-7, 49:04 minutes
Martin Biron (COL), 2 saves from 2 shots - (1.000), 10:56 minutes

Players Stats

Oilers
Player Name              G  A  P  +/- PIM S  H  SB FO MP 
-----------------------------------------------------------
Alexei Kovalev           0  0  0   0  2   1  1  1  0  19 
Alexei Zhitnik           1  1  2   0  2   4  1  0  0  23 
Chad Kilger              1  0  1   1  2   2  2  0  0  15 
Daniel Tjarnqvist        0  1  1   0  0   1  0  3  0  20 
Fernando Pisani          0  0  0   0  0   0  0  0  1  9  
Francis Bouillon         0  0  0   1  4   0  4  1  0  17 
Jaroslav Spacek          0  0  0   1  0   0  0  1  0  21 
Marty Reasoner           0  0  0   1  0   1  1  1  21 20 
Nicklas Lidstrom         1  1  2   1  0   4  0  1  0  23 
Petr Sykora              0  1  1   1  0   2  1  0  1  18 
Pierre-Marc Bouchard     0  1  1   0  0   0  0  0  1  18 
Radek Dvorak             0  0  0   0  0   1  0  0  0  6  
Raffi Torres             0  0  0   1  0   2  0  0  1  15 
Ryan Johnson             0  0  0   0  0   0  0  0  12 11 
Ryan Smyth               1  0  1   1  0   4  0  0  1  19 
Saku Koivu               1  2  3   0  0   3  4  0  19 19 
Shawn Horcoff            0  1  1   1  2   1  0  0  24 18 
Steve Staios             0  0  0   1  0   0  1  0  0  16 
Avalanche
Player Name              G  A  P  +/- PIM S  H  SB FO MP 
-----------------------------------------------------------
Bill Thomas              0  0  0  -1  0   0  0  0  0  7  
Brandon Bochenski        0  0  0   0  2   1  0  0  1  11 
Brett Mclean             0  0  0   0  0   1  1  0  11 13 
Craig Conroy             0  0  0   0  2   0  0  0  15 11 
Gary Roberts             0  0  0   0  2   2  2  0  1  17 
Joni Pitkanen            0  0  0  -2  0   1  0  0  0  21 
Karlis Skrastins         0  0  0   0  4   0  1  0  0  18 
Keith Ballard            0  1  1   0  2   1  4  0  0  22 
Kevin Klein              0  0  0   0  2   3  1  0  0  16 
Mark Recchi              0  0  0  -2  0   2  0  0  0  18 
Martin Rucinsky          0  0  0   0  0   1  0  0  1  14 
Martin Straka            0  0  0  -2  0   2  0  0  0  17 
Mike Modano              1  0  1  -1  0   2  0  0  27 23 
Patrick Sharp            0  0  0   0  0   3  0  0  24 23 
Randy Jones              0  1  1   0  0   0  1  1  0  21 
Sergei Brylin            0  0  0   0  0   0  0  0  0  10 
Sergei Zubov             0  0  0  -2  2   1  0  0  0  24 
Wojtek Wolski            0  0  0   0  0   2  2  1  1  16 

3 Stars

1 - Saku Koivu (EDM)
2 - Nicklas Lidstrom (EDM)
3 - Jussi Markkanen (EDM)

Power Play

Oilers - 3 on 8 Attempt(s) - 37.50%
Avalanche - 1 on 5 Attempt(s) - 20.00%

Penalty Kill

Oilers - 4 on 5 Attempt(s) - 80.00% - Score 0 goal in Penalty Kill
Avalanche - 5 on 8 Attempt(s) - 62.50% - Score 0 goal in Penalty Kill

Game Notes

5:04 of 2nd period - Penalty Shot by Alexei Kovalev for Oilers - Stopped by Mike Smith
Martin Biron enters game at 9:04 of 3rd period

Finance

Level 1 -- Attendance: 4317 (71.95%) -- Ticket Income $388,530.00
Level 2 -- Attendance: 3085 (61.70%) -- Ticket Income $185,100.00
Level 3 -- Attendance: 1117 (55.66%) -- Ticket Income $39,095.00
Level 4 -- Attendance: 2013 (50.33%) -- Ticket Income $50,325.00
Luxury Box -- Attendance: 623 (62.30%) -- Ticket Income $124,600.00
Game was played at the Pepsi Center
Total Attendance: 11155 (61.95%)
Total Ticket Income: $816,552.10
Other Income: $145,691.70
Total Income: $962,244.00


Play by Play

Period #1

0:01 of 1st period - Mike Modano wins face-off versus Shawn Horcoff in neutral zone.
1:27 of 1st period - Minor Penalty to Craig Conroy for Tripping.
1:28 of 1st period - Saku Koivu wins face-off versus Brett Mclean in Oilers zone.
1:51 of 1st period - Shot by Alexei Zhitnik.
1:51 of 1st period - Stopped by Mike Smith without a rebound.
1:52 of 1st period - Mike Modano wins face-off versus Petr Sykora in Avalanche zone.
3:47 of 1st period - Icing by Craig Conroy.
3:48 of 1st period - Fernando Pisani wins face-off versus Brandon Bochenski in Avalanche zone.
3:57 of 1st period - Shot by Francis Bouillon.
3:57 of 1st period - Shot Misses the Net.
3:59 of 1st period - Shot by Ryan Johnson.
3:59 of 1st period - Shot Misses the Net.
4:01 of 1st period - Shot by Fernando Pisani.
4:01 of 1st period - Shot Blocked by Wojtek Wolski.
4:07 of 1st period - Shot by Radek Dvorak.
4:07 of 1st period - Shot Misses the Net.
4:11 of 1st period - Shot by Radek Dvorak.
4:11 of 1st period - Shot Misses the Net.
4:57 of 1st period - Shot by Ryan Johnson.
4:57 of 1st period - Shot Misses the Net.
4:59 of 1st period - Shot by Chad Kilger.
4:59 of 1st period - Stopped by Mike Smith without a rebound.
5:00 of 1st period - Patrick Sharp wins face-off versus Saku Koivu in Avalanche zone.
5:00 of 1st period - Patrick Sharp is hit by Alexei Kovalev.
5:14 of 1st period - Shot by Martin Rucinsky.
5:14 of 1st period - Shot Misses the Net.
5:18 of 1st period - Shot by Patrick Sharp.
5:18 of 1st period - Stopped by Jussi Markkanen with a rebound.
5:26 of 1st period - Shot by Kevin Klein.
5:26 of 1st period - Shot Blocked by Alexei Kovalev.
5:48 of 1st period - Icing by Daniel Tjarnqvist.
5:49 of 1st period - Mike Modano wins face-off versus Saku Koivu in Oilers zone.
6:20 of 1st period - Shot by Mike Modano.
6:20 of 1st period - Shot Misses the Net.
6:28 of 1st period - Shot by Mark Recchi.
6:28 of 1st period - Shot Misses the Net.
6:30 of 1st period - Shot by Martin Straka.
6:30 of 1st period - Deflect By Mark Recchi.
6:30 of 1st period - Stopped by Jussi Markkanen without a rebound.
6:31 of 1st period - Shawn Horcoff wins face-off versus Craig Conroy in Oilers zone.
6:52 of 1st period - Shot by Petr Sykora.
6:52 of 1st period - Stopped by Mike Smith with a rebound.
6:56 of 1st period - Shot by Ryan Smyth.
6:56 of 1st period - Stopped by Mike Smith without a rebound.
6:57 of 1st period - Ryan Johnson wins face-off versus Patrick Sharp in Avalanche zone.
7:01 of 1st period - Minor Penalty to Karlis Skrastins for Holding.
7:02 of 1st period - Shawn Horcoff wins face-off versus Brett Mclean in Avalanche zone.
7:26 of 1st period - Shot by Nicklas Lidstrom.
7:26 of 1st period - Stopped by Mike Smith with a rebound.
7:28 of 1st period - Shot by Ryan Smyth.
7:28 of 1st period - Stopped by Mike Smith without a rebound.
7:29 of 1st period - Mike Modano wins face-off versus Saku Koivu in Avalanche zone.
7:29 of 1st period - Mike Modano is hit by Saku Koivu.
8:18 of 1st period - Icing by Nicklas Lidstrom.
8:19 of 1st period - Brett Mclean wins face-off versus Shawn Horcoff in Oilers zone.
8:25 of 1st period - Icing by Jaroslav Spacek.
8:26 of 1st period - Shawn Horcoff wins face-off versus Brett Mclean in Oilers zone.
9:09 of 1st period - Minor Penalty to Chad Kilger for Tripping.
9:10 of 1st period - Marty Reasoner wins face-off versus Mike Modano in Avalanche zone.
9:37 of 1st period - Shot by Mark Recchi.
9:37 of 1st period - Shot Blocked by Daniel Tjarnqvist.
10:18 of 1st period - Shot by Patrick Sharp.
10:18 of 1st period - Shot Blocked by Jaroslav Spacek.
10:20 of 1st period - Shot by Patrick Sharp.
10:20 of 1st period - Deflect By Martin Straka.
10:20 of 1st period - Shot Misses the Net.
10:22 of 1st period - Shot by Wojtek Wolski.
10:22 of 1st period - Stopped by Jussi Markkanen without a rebound.
10:23 of 1st period - Marty Reasoner wins face-off versus Patrick Sharp in Oilers zone.
11:38 of 1st period - Shot by Saku Koivu.
11:38 of 1st period - Shot Misses the Net.
11:40 of 1st period - Shot by Daniel Tjarnqvist.
11:40 of 1st period - Shot Misses the Net.
11:42 of 1st period - Shot by Daniel Tjarnqvist.
11:42 of 1st period - Stopped by Mike Smith without a rebound.
11:43 of 1st period - Marty Reasoner wins face-off versus Craig Conroy in Avalanche zone.
11:46 of 1st period - Shot by Raffi Torres.
11:46 of 1st period - Stopped by Mike Smith with a rebound.
11:51 of 1st period - Minor Penalty to Francis Bouillon for Holding.
11:52 of 1st period - Ryan Johnson wins face-off versus Patrick Sharp in Oilers zone.
11:52 of 1st period - Ryan Johnson is hit by Wojtek Wolski.
12:01 of 1st period - Off-side.
12:02 of 1st period - Ryan Johnson wins face-off versus Mike Modano in neutral zone.
12:17 of 1st period - Shot by Mark Recchi.
12:17 of 1st period - Shot Misses the Net.
12:21 of 1st period - Shot by Randy Jones.
12:21 of 1st period - Shot Misses the Net.
12:23 of 1st period - Shot by Keith Ballard.
12:23 of 1st period - Stopped by Jussi Markkanen without a rebound.
12:24 of 1st period - Ryan Johnson wins face-off versus Patrick Sharp in Oilers zone.
12:24 of 1st period - Ryan Johnson is hit by Wojtek Wolski.
12:49 of 1st period - Shot by Sergei Zubov.
12:49 of 1st period - Stopped by Jussi Markkanen without a rebound.
12:50 of 1st period - Ryan Johnson wins face-off versus Mike Modano in Oilers zone.
13:01 of 1st period - Shot by Keith Ballard.
13:01 of 1st period - Shot Misses the Net.
13:03 of 1st period - Shot by Mike Modano.
13:03 of 1st period - Goal by Mike Modano - Oilers : 0 - Avalanche : 1.
13:04 of 1st period - Marty Reasoner wins face-off versus Patrick Sharp in neutral zone.
13:21 of 1st period - Shot by Martin Rucinsky.
13:21 of 1st period - Stopped by Jussi Markkanen with a rebound.
13:23 of 1st period - Shot by Kevin Klein.
13:23 of 1st period - Stopped by Jussi Markkanen without a rebound.
13:24 of 1st period - Mike Modano wins face-off versus Shawn Horcoff in Oilers zone.
13:30 of 1st period - Icing by Nicklas Lidstrom.
13:31 of 1st period - Shawn Horcoff wins face-off versus Craig Conroy in Oilers zone.
13:57 of 1st period - Icing by Nicklas Lidstrom.
13:58 of 1st period - Mike Modano wins face-off versus Shawn Horcoff in Oilers zone.
14:17 of 1st period - Icing by Sergei Zubov.
14:18 of 1st period - Mike Modano wins face-off versus Saku Koivu in Avalanche zone.
14:18 of 1st period - Mike Modano is hit by Saku Koivu.
14:48 of 1st period - Off-side.
14:49 of 1st period - Patrick Sharp wins face-off versus Marty Reasoner in neutral zone.
15:29 of 1st period - Shot by Martin Rucinsky.
15:29 of 1st period - Deflect By Gary Roberts.
15:29 of 1st period - Shot Blocked by Francis Bouillon.
15:31 of 1st period - Shot by Kevin Klein.
15:31 of 1st period - Stopped by Jussi Markkanen with a rebound.
16:02 of 1st period - Minor Penalty to Brandon Bochenski for Holding.
16:03 of 1st period - Shawn Horcoff wins face-off versus Mike Modano in neutral zone.
16:17 of 1st period - Off-side.
16:18 of 1st period - Brett Mclean wins face-off versus Saku Koivu in neutral zone.
16:56 of 1st period - Icing by Daniel Tjarnqvist.
16:57 of 1st period - Saku Koivu wins face-off versus Brett Mclean in Oilers zone.
17:21 of 1st period - Shawn Horcoff is hit by Randy Jones and loses puck.
18:05 of 1st period - Icing by Joni Pitkanen.
18:06 of 1st period - Marty Reasoner wins face-off versus Mike Modano in Avalanche zone.
18:14 of 1st period - Joni Pitkanen is hit by Chad Kilger and loses puck.
18:50 of 1st period - Shot by Martin Rucinsky.
18:50 of 1st period - Shot Hit the Post.
18:52 of 1st period - Shot by Gary Roberts.
18:52 of 1st period - Shot Blocked by Marty Reasoner.
18:54 of 1st period - Shot by Patrick Sharp.
18:54 of 1st period - Shot Misses the Net.
18:58 of 1st period - Shot by Kevin Klein.
18:58 of 1st period - Stopped by Jussi Markkanen without a rebound.
18:59 of 1st period - Craig Conroy wins face-off versus Saku Koivu in Oilers zone.
19:12 of 1st period - Shot by Saku Koivu.
19:12 of 1st period - Stopped by Mike Smith without a rebound.
19:13 of 1st period - Ryan Johnson wins face-off versus Patrick Sharp in Avalanche zone.

Period #2

0:01 of 2nd period - Mike Modano wins face-off versus Shawn Horcoff in neutral zone.
0:24 of 2nd period - Shot by Martin Straka.
0:24 of 2nd period - Stopped by Jussi Markkanen without a rebound.
0:25 of 2nd period - Saku Koivu wins face-off versus Craig Conroy in Oilers zone.
1:00 of 2nd period - Shot by Alexei Kovalev.
1:00 of 2nd period - Stopped by Mike Smith with a rebound.
1:51 of 2nd period - Shot by Mark Recchi.
1:51 of 2nd period - Stopped by Jussi Markkanen without a rebound.
1:52 of 2nd period - Patrick Sharp wins face-off versus Marty Reasoner in Oilers zone.
1:52 of 2nd period - Kevin Klein is hit by Francis Bouillon and loses puck.
2:02 of 2nd period - Gary Roberts is hit by Chad Kilger and loses puck.
2:16 of 2nd period - Martin Rucinsky is hit by Francis Bouillon.
2:28 of 2nd period - Icing by Patrick Sharp.
2:29 of 2nd period - Ryan Johnson wins face-off versus Patrick Sharp in Avalanche zone.
3:06 of 2nd period - Shot by Radek Dvorak.
3:06 of 2nd period - Stopped by Mike Smith without a rebound.
3:07 of 2nd period - Saku Koivu wins face-off versus Mike Modano in Avalanche zone.
4:02 of 2nd period - Icing by Francis Bouillon.
4:03 of 2nd period - Craig Conroy wins face-off versus Marty Reasoner in Oilers zone.
4:03 of 2nd period - Wojtek Wolski is hit by Steve Staios and loses puck.
4:36 of 2nd period - Off-side.
4:37 of 2nd period - Brett Mclean wins face-off versus Shawn Horcoff in neutral zone.
4:40 of 2nd period - Nicklas Lidstrom is hit by Brett Mclean and loses puck.
4:59 of 2nd period - Shot by Bill Thomas.
4:59 of 2nd period - Deflect By Brett Mclean.
4:59 of 2nd period - Stopped by Jussi Markkanen without a rebound.
5:00 of 2nd period - Saku Koivu wins face-off versus Patrick Sharp in Oilers zone.
5:04 of 2nd period - Minor Penalty to Kevin Klein for Tripping.
5:04 of 2nd period - Penalty Shot by Alexei Kovalev for Oilers.
5:04 of 2nd period - Stopped by Mike Smith.
5:05 of 2nd period - Saku Koivu wins face-off versus Martin Rucinsky in Avalanche zone.
5:06 of 2nd period - Shot by Alexei Kovalev.
5:06 of 2nd period - Shot Misses the Net.
5:11 of 2nd period - Off-side.
5:12 of 2nd period - Shawn Horcoff wins face-off versus Mike Modano in neutral zone.
5:21 of 2nd period - Shot by Ryan Smyth.
5:21 of 2nd period - Shot Misses the Net.
5:25 of 2nd period - Shot by Ryan Smyth.
5:25 of 2nd period - Shot Misses the Net.
5:27 of 2nd period - Shot by Petr Sykora.
5:27 of 2nd period - Stopped by Mike Smith without a rebound.
5:28 of 2nd period - Patrick Sharp wins face-off versus Marty Reasoner in Avalanche zone.
5:51 of 2nd period - Shot by Raffi Torres.
5:51 of 2nd period - Shot Misses the Net.
6:11 of 2nd period - Marty Reasoner is hit by Gary Roberts.
6:12 of 2nd period - Minor Penalty to Gary Roberts for High sticking.
6:13 of 2nd period - Shawn Horcoff wins face-off versus Mike Modano in Oilers zone.
8:08 of 2nd period - Shot by Pierre-Marc Bouchard.
8:08 of 2nd period - Shot Hit the Post.
8:12 of 2nd period - Shot by Pierre-Marc Bouchard.
8:12 of 2nd period - Shot Misses the Net.
8:16 of 2nd period - Shot by Chad Kilger.
8:16 of 2nd period - Goal by Chad Kilger - Oilers : 1 - Avalanche : 1.
8:17 of 2nd period - Patrick Sharp wins face-off versus Marty Reasoner in neutral zone.
8:27 of 2nd period - Icing by Steve Staios.
8:28 of 2nd period - Marty Reasoner wins face-off versus Mike Modano in Oilers zone.
8:35 of 2nd period - Shot by Chad Kilger.
8:35 of 2nd period - Shot Misses the Net.
8:37 of 2nd period - Shot by Raffi Torres.
8:37 of 2nd period - Shot Misses the Net.
8:55 of 2nd period - Shot by Chad Kilger.
8:55 of 2nd period - Shot Misses the Net.
8:57 of 2nd period - Shot by Marty Reasoner.
8:57 of 2nd period - Stopped by Mike Smith without a rebound.
8:58 of 2nd period - Saku Koivu wins face-off versus Craig Conroy in Avalanche zone.
9:07 of 2nd period - Minor Penalty to Alexei Zhitnik for Tripping.
9:08 of 2nd period - Wojtek Wolski wins face-off versus Marty Reasoner in Oilers zone.
13:57 of 2nd period - Icing by Randy Jones.
13:58 of 2nd period - Ryan Johnson wins face-off versus Mike Modano in Avalanche zone.
14:52 of 2nd period - Shot by Patrick Sharp.
14:52 of 2nd period - Stopped by Jussi Markkanen without a rebound.
14:53 of 2nd period - Shawn Horcoff wins face-off versus Patrick Sharp in Oilers zone.
16:27 of 2nd period - Sergei Zubov is hit by Marty Reasoner and loses puck.
16:56 of 2nd period - Shot by Alexei Zhitnik.
16:56 of 2nd period - Shot Misses the Net.
16:59 of 2nd period - Fernando Pisani is hit by Karlis Skrastins and loses puck.
17:11 of 2nd period - Fernando Pisani is hit by Kevin Klein and loses puck.
17:23 of 2nd period - Martin Rucinsky is hit by Francis Bouillon and loses puck.
17:33 of 2nd period - Minor Penalty to Karlis Skrastins for Holding.
17:34 of 2nd period - Shawn Horcoff wins face-off versus Mike Modano in Avalanche zone.
17:36 of 2nd period - Ryan Smyth is hit by Keith Ballard and loses puck.
19:04 of 2nd period - Shot by Alexei Zhitnik.
19:04 of 2nd period - Shot Misses the Net.
19:06 of 2nd period - Shot by Daniel Tjarnqvist.
19:06 of 2nd period - Shot Misses the Net.
19:08 of 2nd period - Shot by Alexei Zhitnik.
19:08 of 2nd period - Stopped by Mike Smith with a rebound.
19:12 of 2nd period - Shot by Saku Koivu.
19:12 of 2nd period - Goal by Saku Koivu - Oilers : 2 - Avalanche : 1.
19:13 of 2nd period - Craig Conroy wins face-off versus Ryan Johnson in neutral zone.
19:35 of 2nd period - Shot by Brandon Bochenski.
19:35 of 2nd period - Shot Misses the Net.
19:37 of 2nd period - Shot by Wojtek Wolski.
19:37 of 2nd period - Deflect By Brandon Bochenski.
19:37 of 2nd period - Stopped by Jussi Markkanen without a rebound.
19:38 of 2nd period - Marty Reasoner wins face-off versus Patrick Sharp in Oilers zone.
19:51 of 2nd period - Shot by Raffi Torres.
19:51 of 2nd period - Stopped by Mike Smith without a rebound.
19:52 of 2nd period - Mike Modano wins face-off versus Pierre-Marc Bouchard in Avalanche zone.

Period #3

0:01 of 3rd period - Shawn Horcoff wins face-off versus Mike Modano in neutral zone.
0:03 of 3rd period - Minor Penalty to Sergei Zubov for Hooking.
0:04 of 3rd period - Brett Mclean wins face-off versus Shawn Horcoff in Avalanche zone.
0:04 of 3rd period - Brett Mclean is hit by Petr Sykora.
0:25 of 3rd period - Icing by Ryan Smyth.
0:26 of 3rd period - Shawn Horcoff wins face-off versus Brett Mclean in Oilers zone.
0:45 of 3rd period - Shot by Shawn Horcoff.
0:45 of 3rd period - Shot Misses the Net.
0:49 of 3rd period - Shot by Nicklas Lidstrom.
0:49 of 3rd period - Stopped by Mike Smith without a rebound.
0:50 of 3rd period - Saku Koivu wins face-off versus Mike Modano in Avalanche zone.
1:11 of 3rd period - Shot by Alexei Zhitnik.
1:11 of 3rd period - Goal by Alexei Zhitnik - Oilers : 3 - Avalanche : 1.
1:12 of 3rd period - Mike Modano wins face-off versus Marty Reasoner in neutral zone.
1:19 of 3rd period - Shot by Martin Straka.
1:19 of 3rd period - Deflect By Mike Modano.
1:19 of 3rd period - Stopped by Jussi Markkanen without a rebound.
1:20 of 3rd period - Marty Reasoner wins face-off versus Patrick Sharp in Oilers zone.
1:34 of 3rd period - Icing by Kevin Klein.
1:35 of 3rd period - Saku Koivu wins face-off versus Gary Roberts in Avalanche zone.
2:02 of 3rd period - Shot by Martin Rucinsky.
2:02 of 3rd period - Shot Misses the Net.
2:42 of 3rd period - Icing by Alexei Zhitnik.
2:43 of 3rd period - Saku Koivu wins face-off versus Craig Conroy in Oilers zone.
4:39 of 3rd period - Shot by Ryan Smyth.
4:39 of 3rd period - Shot Misses the Net.
4:41 of 3rd period - Shot by Ryan Smyth.
4:41 of 3rd period - Goal by Ryan Smyth - Oilers : 4 - Avalanche : 1.
4:42 of 3rd period - Patrick Sharp wins face-off versus Marty Reasoner in neutral zone.
5:05 of 3rd period - Shot by Martin Rucinsky.
5:05 of 3rd period - Shot Misses the Net.
5:09 of 3rd period - Shot by Patrick Sharp.
5:09 of 3rd period - Stopped by Jussi Markkanen without a rebound.
5:10 of 3rd period - Craig Conroy wins face-off versus Shawn Horcoff in Oilers zone.
5:32 of 3rd period - Minor Penalty to Keith Ballard for Hooking.
5:32 of 3rd period - Minor Penalty to Shawn Horcoff for Hooking.
5:33 of 3rd period - Marty Reasoner wins face-off versus Mike Modano in Avalanche zone.
7:08 of 3rd period - Shot by Marty Reasoner.
7:08 of 3rd period - Deflect By Raffi Torres.
7:08 of 3rd period - Shot Misses the Net.
7:10 of 3rd period - Shot by Raffi Torres.
7:10 of 3rd period - Shot Misses the Net.
7:12 of 3rd period - Shot by Ryan Johnson.
7:12 of 3rd period - Shot Misses the Net.
7:14 of 3rd period - Shot by Ryan Johnson.
7:14 of 3rd period - Shot Misses the Net.
7:32 of 3rd period - Shot by Bill Thomas.
7:32 of 3rd period - Shot Hit the Post.
7:36 of 3rd period - Shot by Gary Roberts.
7:36 of 3rd period - Stopped by Jussi Markkanen without a rebound.
7:37 of 3rd period - Ryan Johnson wins face-off versus Patrick Sharp in Oilers zone.
7:48 of 3rd period - Shot by Alexei Zhitnik.
7:48 of 3rd period - Stopped by Mike Smith without a rebound.
7:48 of 3rd period - Minor Penalty to Mike Smith for Slashing.
7:49 of 3rd period - Shawn Horcoff wins face-off versus Brett Mclean in Avalanche zone.
8:01 of 3rd period - Shot by Shawn Horcoff.
8:01 of 3rd period - Stopped by Mike Smith without a rebound.
8:02 of 3rd period - Mike Modano wins face-off versus Saku Koivu in Avalanche zone.
8:02 of 3rd period - Mike Modano is hit by Saku Koivu.
8:12 of 3rd period - Sergei Brylin is hit by Saku Koivu and loses puck.
8:23 of 3rd period - Shot by Alexei Kovalev.
8:23 of 3rd period - Deflect By Saku Koivu.
8:23 of 3rd period - Stopped by Mike Smith with a rebound.
8:25 of 3rd period - Shot by Alexei Zhitnik.
8:25 of 3rd period - Shot Misses the Net.
9:02 of 3rd period - Shot by Nicklas Lidstrom.
9:02 of 3rd period - Shot Misses the Net.
9:04 of 3rd period - Shot by Nicklas Lidstrom.
9:04 of 3rd period - Goal by Nicklas Lidstrom - Oilers : 5 - Avalanche : 1.
9:04 of 3rd period - Martin Biron enters game.
9:05 of 3rd period - Marty Reasoner wins face-off versus Craig Conroy in neutral zone.
9:14 of 3rd period - Shot by Raffi Torres.
9:14 of 3rd period - Shot Blocked by Randy Jones.
9:35 of 3rd period - Raffi Torres is hit by Keith Ballard and loses puck.
10:05 of 3rd period - Shot by Patrick Sharp.
10:05 of 3rd period - Shot Misses the Net.
10:14 of 3rd period - Patrick Sharp is hit by Francis Bouillon and loses puck.
10:16 of 3rd period - Minor Penalty to Francis Bouillon for Hooking.
10:17 of 3rd period - Patrick Sharp wins face-off versus Ryan Johnson in Oilers zone.
10:31 of 3rd period - Minor Penalty to Alexei Kovalev for Hooking.
10:32 of 3rd period - Shawn Horcoff wins face-off versus Mike Modano in neutral zone.
11:14 of 3rd period - Off-side.
11:15 of 3rd period - Patrick Sharp wins face-off versus Shawn Horcoff in neutral zone.
11:27 of 3rd period - Shot by Sergei Zubov.
11:27 of 3rd period - Shot Blocked by Daniel Tjarnqvist.
12:12 of 3rd period - Shot by Kevin Klein.
12:12 of 3rd period - Shot Misses the Net.
13:01 of 3rd period - Icing by Steve Staios.
13:02 of 3rd period - Craig Conroy wins face-off versus Raffi Torres in Oilers zone.
13:05 of 3rd period - Shot by Wojtek Wolski.
13:05 of 3rd period - Shot Misses the Net.
13:09 of 3rd period - Shot by Brandon Bochenski.
13:09 of 3rd period - Shot Misses the Net.
13:11 of 3rd period - Shot by Joni Pitkanen.
13:11 of 3rd period - Stopped by Jussi Markkanen without a rebound.
13:12 of 3rd period - Shawn Horcoff wins face-off versus Patrick Sharp in Oilers zone.
13:24 of 3rd period - Shot by Gary Roberts.
13:24 of 3rd period - Stopped by Jussi Markkanen without a rebound.
13:25 of 3rd period - Mike Modano wins face-off versus Saku Koivu in Oilers zone.
13:25 of 3rd period - Mike Modano is hit by Alexei Zhitnik.
14:40 of 3rd period - Shot by Shawn Horcoff.
14:40 of 3rd period - Shot Misses the Net.
14:44 of 3rd period - Shot by Nicklas Lidstrom.
14:44 of 3rd period - Stopped by Martin Biron with a rebound.
14:48 of 3rd period - Shot by Ryan Smyth.
14:48 of 3rd period - Stopped by Martin Biron without a rebound.
14:49 of 3rd period - Craig Conroy wins face-off versus Marty Reasoner in Avalanche zone.
15:03 of 3rd period - Icing by Brandon Bochenski.
15:04 of 3rd period - Ryan Johnson wins face-off versus Craig Conroy in Avalanche zone.
15:04 of 3rd period - Ryan Johnson is hit by Keith Ballard.
15:14 of 3rd period - Shot by Wojtek Wolski.
15:14 of 3rd period - Shot Blocked by Nicklas Lidstrom.
15:16 of 3rd period - Shot by Wojtek Wolski.
15:16 of 3rd period - Shot Misses the Net.
15:20 of 3rd period - Shot by Wojtek Wolski.
15:20 of 3rd period - Stopped by Jussi Markkanen without a rebound.
15:21 of 3rd period - Patrick Sharp wins face-off versus Marty Reasoner in Oilers zone.
16:04 of 3rd period - Marty Reasoner is hit by Gary Roberts.
16:27 of 3rd period - Icing by Patrick Sharp.
16:28 of 3rd period - Patrick Sharp wins face-off versus Shawn Horcoff in Avalanche zone.
16:54 of 3rd period - Icing by Jaroslav Spacek.
16:55 of 3rd period - Craig Conroy wins face-off versus Ryan Smyth in Oilers zone.
18:03 of 3rd period - Icing by Alexei Zhitnik.
18:04 of 3rd period - Brett Mclean wins face-off versus Saku Koivu in Oilers zone.
18:11 of 3rd period - Shot by Brett Mclean.
18:11 of 3rd period - Shot Blocked by Daniel Tjarnqvist.
18:32 of 3rd period - Alexei Kovalev is hit by Keith Ballard.
19:19 of 3rd period - Shot by Mark Recchi.
19:19 of 3rd period - Deflect By Martin Straka.
19:19 of 3rd period - Stopped by Jussi Markkanen without a rebound.
19:20 of 3rd period - Marty Reasoner wins face-off versus Patrick Sharp in Oilers zone.
19:52 of 3rd period - Shot by Marty Reasoner.
19:52 of 3rd period - Shot Misses the Net.
19:54 of 3rd period - Shot by Marty Reasoner.
19:54 of 3rd period - Shot Misses the Net.
19:58 of 3rd period - Shot by Marty Reasoner.
19:58 of 3rd period - Shot Misses the Net.


Output by the SimonT Hockey Simulator (STHS) for Stephane Roy -- Original Page W3C XHTML 1.0 Valid